 Dungeon Crawl Stone Soup version 0.28.0-53-g5a82cb258f (webtiles) character file.

Game seed: 3161570987983725625

277 cbfl8 the Chopper (level 6, 0/84 HPs)
             Began as a Minotaur Berserker on Nov 3, 2022.
             Was a Priest of Trog.
             Slain by a lemure (5 damage)
             ... led by Pikel
             ... on level 4 of the Dungeon.
             The game lasted 00:02:27 (2996 turns).

cbfl8 the Chopper (Minotaur Berserker)              Turns: 2996, Time: 00:02:28

Health: 0/84       AC:  8    Str: 28    XL:     6   Next: 4%
Magic:  6/6        EV: 11    Int:  4    God:    Trog [***...]
Gold:   88         SH:  0    Dex: 11    Spells: 5/5 levels left

rFire   . . .      SeeInvis .   a - +0 hand axe
rCold   . . .      Faith    .   (no shield)
rNeg    . . .      Spirit   .   n - +0 scale mail
rPois   .          Reflect  .   (helmet restricted)
rElec   .          Harm     .   (no cloak)
rCorr   .          Rampage  .   b - +0 pair of gloves
Will    .....                   (no boots)
Stlth   ..........              (no amulet)
HPRegen 0.24/turn               e - +6 ring of strength
MPRegen 0.10/turn               (no ring)

@: berserking, very quick
A: horns 2, retaliatory headbutt
a: Renounce Religion, Berserk, Trog's Hand


You were on level 4 of the Dungeon.
You worshipped Trog.
Trog was most pleased with you.
You visited 1 branch of the dungeon, and saw 4 of its levels.

You collected 88 gold pieces.

Inventory:

Hand Weapons
 a - a +0 hand axe (weapon)
Armour
 b - a +0 pair of gloves (worn)
 n - a +0 scale mail (worn)
Jewellery
 e - a +6 ring of strength (left hand)
Wands
 l - a wand of iceblast (2)
Scrolls
 h - 2 scrolls of identify {unknown}
 i - 2 scrolls of teleportation {unknown}
 j - 2 scrolls of immolation
Potions
 d - a potion of lignification {unknown}
 f - 2 potions of curing {unknown}
 g - 3 potions of attraction {unknown}
 k - a potion of haste {unknown}
 m - a potion of brilliance {unknown}


   Skills:
 * Level 5.0 Fighting
 * Level 5.7 Axes
 + Level 3.3 Armour
 * Level 3.2 Dodging
 + Level 0.4 Stealth
 * Level 1.9 Invocations


You had 5 spell levels left.
You didn't know any spells.
Your spell library was empty.

Dungeon Overview and Level Annotations

Branches:
Dungeon (4/15)
 Temple: D:4-7

Altars:

Annotations:
D:4 Pikel


Innate Abilities, Weirdness & Mutations

You have a pair of horns on your head.
You reflexively headbutt those who attack you in melee.


Message History

You hit the lemure but do no damage.
The lemure is severely wounded.
You barely miss Pikel. You closely miss the lemure.
The lemure hits you but does no damage. The lemure barely misses you.
Unknown command.
A red film seems to cover your vision as you go berserk!
You feel yourself moving faster!
You feel mighty!
Pikel hits you with a +2 whip of electrocution.
The lemure hits you.
You barely miss Pikel. You closely miss the lemure. You hit the lemure.
You slash the lemure! The lemure misses you. The lemure hits you!
Pikel hits you with a +2 whip of electrocution.
You are electrocuted!!
You hit Pikel. Your headbutt misses Pikel.
Pikel is lightly wounded.
You hit the lemure. You barely miss the lemure. You closely miss the lemure.
The lemure hits you.
* * * LOW HITPOINT WARNING * * *
The lemure hits you!
* * * LOW HITPOINT WARNING * * *
The lemure hits you!
* * * LOW HITPOINT WARNING * * *
You hit Pikel.
Pikel is moderately wounded.
You slash the lemure! You barely miss the lemure. You miss the lemure.
Pikel waves his whip at you.
Pikel hits you with a +2 whip of electrocution.
* * * LOW HITPOINT WARNING * * *
The lemure misses you.
You barely miss Pikel. You headbutt Pikel!
Pikel is severely wounded.
You barely miss the lemure. x2; You closely miss the lemure.
The lemure misses you. You furiously retaliate!
You headbutt the lemure!
You kill the lemure!
That felt strangely unrewarding.
The lemure barely misses you. Pikel hits you but does no damage.
You slash Pikel! Your headbutt misses Pikel.
Pikel is almost dead.
You closely miss the lemure. x2; The lemure hits you.
You die...

###.####...........##
#...# #............
###.## ##.....##.....
#..# #.....##..#..
##.## ........###.
####..### ....
#..#....#... .. #.
#..5...... #.##.
##@5...... #...
##K...... #...
5.##... ... ....... .
...........
..........##
...###.....## #
.####........### ##.
##.....(...##


You could see Pikel and 3 lemures.

Vanquished Creatures
  A lemure (D:4)
  A phantom (D:4)
  A centaur zombie (D:3)
  Ijyb (D:3)
  A hound skeleton (D:4)
  6 adders
  An adder skeleton (D:4)
  A worm (D:2)
  2 dart slugs (D:1)
  An orc (D:3)
  8 ball pythons
  5 bats
  5 endoplasms
  4 giant cockroaches
  6 hobgoblins
  8 jackals
  3 quokkas
  3 frilled lizards
  2 goblins
  10 kobolds
  5 rats
75 creatures vanquished.

Notes
Turn   | Place    | Note
-------+----------+-------------------------------------------
     0 | D:1      | cbfl8 the Minotaur Berserker began the quest for the Orb.
     0 | D:1      | Reached XP level 1. HP: 19/19 MP: 0/0
   179 | D:1      | Reached XP level 2. HP: 27/27 MP: 1/1
   204 | D:1      | You fall into a shaft and drop 1 floor!
   265 | D:2      | Reached XP level 3. HP: 33/33 MP: 2/2
   282 | D:2      | Found a faded altar of an unknown god.
   291 | D:2      | Reached ** piety under Trog
   761 | D:2      | Reached skill level 1 in Invocations
  1367 | D:1      | Reached XP level 4. HP: 40/41 MP: 3/3
  2005 | D:3      | Reached skill level 5 in Axes
  2124 | D:3      | Noticed Ijyb
  2142 | D:3      | Killed Ijyb
  2143 | D:3      | Reached XP level 5. HP: 40/47 MP: 5/5
  2381 | D:3      | Reached *** piety under Trog
  2697 | D:4      | Noticed a phantom
  2706 | D:4      | Killed a phantom
  2707 | D:4      | Reached skill level 5 in Fighting
  2863 | D:4      | Reached XP level 6. HP: 55/56 MP: 6/6
  2985 | D:4      | Noticed Pikel
  2994 | D:4      | HP: 4/84 [Pikel/+2 whip of electrocution (5)]
  2996 | D:4      | Slain by a lemure

Illustrated notes

Levels and vault maps discovered:
D:1:      mrwooster_arrival_statue_2, layout_loops_ring
D:2:      layout_basic, hellmonk_ecumenical_altar_blasted
D:3:      minmay_evil_eye, layout_basic, uniq_ijyb
D:4:      layout_layer_cave, chequers_decorated_corner,
          kennysheep_generic_room_9, uniq_robin, uniq_pikel

Skill      XL: |  1  2  3  4  5 |
---------------+----------------+-----
Fighting       | 4 5 |  5.0
Axes           | 4 5 |  5.7
Invocations    | 1 |  1.9
Armour         | 3 |  3.3
Dodging        | 3 |  3.2
Stealth        | |  0.4

Action                   |  1- 3 |  4- 6 || total
-------------------------+-------+-------++-------
Melee: Hand axe          |    82 |    94 ||   176
       Headbutt          |    14 |    16 ||    30
       Punch             |     1 |     1 ||     2
Invok: Berserk           |       |     1 ||     1
Armor: Ring mail         |    28 |    21 ||    49
       Scale mail        |       |    19 ||    19
Dodge: Dodged            |    36 |    54 ||    90
